 Dungeon Crawl Stone Soup version 0.32-a0-859-gb0a091d592 (webtiles) character file.

Game seed: 15198504430097356991

156 ragingrage the Grasshopper (level 5, -5/38 HPs)
             Began as a Human Warper on Mar 28, 2024.
             Killed by divine providence
             ... invoked by an orc priest
              (14 damage)
             ... on level 4 of the Dungeon.
             The game lasted 00:03:12 (3235 turns).

ragingrage the Grasshopper (Human Warper)           Turns: 3235, Time: 00:03:13

Health: -5/38      AC: 11    Str: 12    XL:     5   Next: 37%
Magic:  4/8        EV: 11    Int: 13    God:
Gold:   104        SH:  0    Dex: 14    Spells: 5/8 levels left

rFire   . . .        b - +0 dagger (protect)
rCold   . . .        (no shield)
rNeg    . . .        g - +0 leather armour
rPois   .            (no helmet)
rElec   .            (no cloak)
rCorr   .            (no gloves)
SInv    .            q - +0 pair of boots
Will    .....        (no amulet)
Stlth   ++           (no ring)
HPRegen 0.26/turn    (no ring)
MPRegen 0.11/turn

%: no passive effects
@: confusing by touch, under a protective aura
A: explore regen
a: Convert to Beogh


You were on level 4 of the Dungeon.
You visited 1 branch of the dungeon, and saw 4 of its levels.

You collected 134 gold pieces.
You spent 30 gold pieces at shops.

Inventory:

Hand Weapons
 a - a +0 falchion
 b - a +0 dagger of protection (weapon)
 o - a +0 rapier
Missiles
 d - 6 darts of dispersal (quivered)
Armour
 g - a +0 leather armour (worn)
 q - a +0 pair of boots (worn)
Wands
 f - a wand of polymorph (5)
 p - a wand of flame (4)
Scrolls
 c - 2 scrolls of blinking
 e - a scroll of poison {unknown}
 h - a scroll of enchant weapon {unknown}
 i - 4 scrolls of identify {unknown}
 k - 4 scrolls of teleportation {unknown}
 l - a scroll of revelation {unknown}
Potions
 j - a potion of haste
 m - a potion of curing
 n - a potion of brilliance {unknown}


   Skills:
 - Level 2.0 Fighting
 + Level 3.0(3.4) Short Blades
 - Level 2.4(3.1) Long Blades
 - Level 1.0 Throwing
 - Level 1.0 Armour
 - Level 2.0 Dodging
 - Level 2.0 Stealth
 - Level 2.0 Spellcasting
 + Level 2.5 Hexes
 - Level 3.0 Translocations


You had 5 spell levels left.
You knew the following spells:

 Your Spells              Type           Power      Damage    Failure   Level
a - Confusing Touch       Hex            8%         N/A       32%         3

Your spell library contained the following spells:

 Spells                   Type           Power      Damage    Failure   Level
 Slow                     Hex            32%        N/A       11%         1
 Blink                    Tloc           18%        N/A       14%         2
 Lesser Beckoning         Tloc           18%        N/A       14%         2
 Teleport Other           Tloc           9%         N/A       28%         3
 Vampiric Draining        Necr           1%         2d6       67%         3
 Vhi's Electric Charge    Tloc/Air       10%        N/A       86%         4
 Maxwell's Portable Pile  Tloc           Unusable   2d(6-12)  N/A         4

Dungeon Overview and Level Annotations

Branches:
Dungeon (4/15)
 Temple: D:4-7

Altars:

Shops:
D:1 *

Annotations:
D:2 1 runed translucent door, Crazy Yiuf


Innate Abilities, Weirdness & Mutations

You regain HP and MP as you explore.


Message History

The orc priest hits you with a +0 club.
You barely miss the orc priest.
You hit the orc priest but do no damage.
The orc priest invokes the aid of Beogh against you.
Beogh smites you!
You hit the orc priest but do no damage.
The orc priest appears confused.
The orc priest misses you.
You hit the orc priest.
Your weapon exudes an aura of protection.
The orc priest completely misses you.
The orc priest barely misses itself.
You hit the orc priest but do no damage.
You hit the orc priest.
The orc priest seems less confused.
The orc priest hits you but does no damage.
You are too injured to fight recklessly!
You hit the orc priest.
You are too injured to fight recklessly!
You hit the orc priest.
The orc priest shouts, "The Pantheon deserves no one's loyalty.
Let us show you the true path!" The orc priest hits you with a +0 club.
You are too injured to fight recklessly!
You hit the orc priest.
The orc priest threatens, "Beogh's wrath is as vast as their mercy.
Make your choice!" The orc priest barely misses you.
You closely miss the orc priest.
The orc priest shouts, "The Pantheon deserves no one's loyalty.
Let us show you the true path!" The orc priest barely misses you.
The orc priest shouts, "Surrender to Beogh and we'll let you live!"
You hit the orc priest. The orc priest barely misses you.
You hit the orc priest but do no damage.
The orc priest shouts, "The Pantheon deserves no one's loyalty.
Let us show you the true path!"
The orc priest invokes the aid of Beogh against you.
Beogh smites you!
* * * LOW HITPOINT WARNING * * *
You hit the orc priest but do no damage.
Casting: Confusing Touch (quite dangerous; 32% risk of failure)
Your hands begin to glow red.
The orc priest invokes the aid of Beogh against you.
Beogh smites you!
You die...

....##.###....####.###...#.##.###
....##.....o.....................
.................................
.#####..#####.##.#.##............
........................#.o#..#..
.#......##..#.##.#.##...#o.......
#####..# .#.##........##.#.....
#..# # #o#.##............ #..#
#@#.##............
...##..####.####...##.#.....
...........<# #...#........
#..####.# #...##.##....
#..####.####............
........................
...####.####............ #.#
#...##.##..#. #.# ..............


You could see an orc priest.

Vanquished Creatures
  A hound (D:3)
  Jessica (D:2)
  3 adders
  3 dart slugs
  4 ball pythons
  5 bats
  An endoplasm (D:1)
  4 giant cockroaches
  6 goblins
  6 hobgoblins
  7 jackals (D:2)
  3 quokkas
  7 frilled lizards
  4 kobolds
  6 rats
61 creatures vanquished.

Notes
Turn   | Place    | Note
-------+----------+-------------------------------------------
     0 | D:1      | ragingrage the Human Warper began the quest for the Orb.
     0 | D:1      | Reached XP level 1. HP: 16/16 MP: 3/3
   258 | D:1      | Reached skill level 1 in Stealth
   261 | D:1      | Reached XP level 2. HP: 21/22 MP: 5/5
   575 | D:1      | Reached skill level 1 in Short Blades
   575 | D:1      | Reached XP level 3. HP: 27/27 MP: 6/6
   689 | D:1      | Learned a level 3 spell: Confusing Touch
   941 | D:1      | Found Omavioj's General Store.
   948 | D:1      | Bought a potion of curing for 30 gold pieces
  1372 | D:2      | Found a runed translucent door.
  1373 | D:2      | Noticed Crazy Yiuf
  1555 | D:2      | Reached skill level 1 in Hexes
  1573 | D:2      | Reached XP level 4. HP: 13/33 MP: 7/7
  1616 | D:2      | Noticed Jessica
  1622 | D:2      | Killed Jessica
  2248 | D:3      | Reached XP level 5. HP: 38/38 MP: 8/8
  2559 | D:3      | Found a faded altar of an unknown god.
  2843 | D:3      | HP: 1/38 [sleepcap (19)]
  3235 | D:4      | Killed from afar by an orc priest

Illustrated notes

Levels and vault maps discovered:
D:1:      lightli_arrival_noodles, layout_loops_ring, serial_shops, shop,
          serial_forest, infiniplex_forest_end_1, infiniplex_forest_join,
          infiniplex_forest_lined_2, infiniplex_forest_zigzag_1,
          infiniplex_forest_lined_2, infiniplex_forest_lined_3,
          infiniplex_forest_end_3, infiniplex_forest_lined_3,
          infiniplex_forest_lined_corner
D:2:      layout_loops_ring, uniq_jessica, uniq_crazy_yiuf_cottage
D:3:      layout_rooms, hellmonk_ecumenical_altar_prayer_group
D:4:      layout_basic, minmay_temple_entry_offerings, serial_shops,
          nicolae_shop_peninsula

Skill      XL: |  1  2  3  4  5 |
---------------+----------------+-----
Stealth        | 1 2 |  2.0
Short Blades   | 1 2 3 |  3.0
Hexes          | 1 2 |  2.5
Fighting       | |  2.0
Long Blades    | |  2.4
Throwing       | |  1.0
Armour         | |  1.0
Dodging        | |  2.0
Spellcasting   | |  2.0
Translocations | |  3.0

Action                     |  1- 3 |  4- 6 || total
---------------------------+-------+-------++-------
  Melee: Falchion          |    87 |    45 ||   132
         Dagger            |    47 |    55 ||   102
  Throw: Dart              |       |     1 ||     1
   Cast: Confusing Touch   |       |     3 ||     3
    Use: Potion            |     2 |       ||     2
         Scroll            |       |     1 ||     1
   Stab: Sleeping          |     4 |     6 ||    10
 Armour: Leather armour    |    82 |    56 ||   138
  Dodge: Dodged            |    86 |    47 ||   133

Table legend: (Time is in decaauts)
 A = Elapsed time spent in this place.
 B = Non-inter-level travel time spent in this place.
 C = Inter-level travel time spent in this place.
 D = Time resting spent in this place.
 E = Time spent auto-exploring this place.
 F = Levels seen in this place.
 G = Mean time per level.
                   A        B        C        D        E       F      G
               +--------+--------+--------+--------+--------+-----+--------+
         Total |   3236 |   3023 |    213 |    517 |   1862 |   4 |  809.0 |
       Dungeon |   3236 |   3023 |    213 |    517 |   1862 |   4 |  809.0 |
               +--------+--------+--------+--------+--------+-----+--------+

Top non-repeatable levels by time:
     D:2: 1243 daAuts
     D:1: 1094 daAuts
     D:3: 730 daAuts
     D:4: 167 daAuts
